 Seeded DCSS version 0.29.1-15-g9cfb28693d (webtiles) character file.

Game seed: 9818147558818399312 (custom seed)

15 Psyclone the Conjurer (level 2, 15/15 HPs)
             Began as a Deep Elf Conjurer on Sept 28, 2023.
             Quit the game on level 1 of the Dungeon.
             The game lasted 00:02:16 (996 turns).

Psyclone the Conjurer (Deep Elf Conjurer)            Turns: 996, Time: 00:02:17

Health: 15/15      AC:  2    Str:  4    XL:     2   Next: 34%
Magic:  8/8        EV: 12    Int: 22    God:
Gold:   108        SH:  0    Dex: 13    Spells: 6/7 levels left

rFire   . . .      SeeInvis .   (no weapon)
rCold   . . .      Faith    .   (no shield)
rNeg    . . .      Spirit   .   a - +0 robe
rPois   .          Reflect  .   (no helmet)
rElec   .          Harm     .   (no cloak)
rCorr   .          Rampage  .   (no gloves)
Will    .....                   (no boots)
Stlth   ++........              (no amulet)
HPRegen 0.05/turn               (no ring)
MPRegen 0.11/turn               (no ring)

@: no status effects
A: no striking features
a: no special abilities


You were on level 1 of the Dungeon.
You visited 1 branch of the dungeon, and saw 1 of its levels.

You collected 108 gold pieces.

Inventory:

Armour
 a - a +0 robe (worn)
Jewellery
 d - a ring of wizardry
Scrolls
 c - 2 scrolls of magic mapping {unknown}
 e - 3 scrolls of identify {unknown}
 g - a scroll of butterflies {unknown}
 j - 3 scrolls of acquirement
Potions
 b - a potion of magic
 f - a potion of curing {unknown}
 h - a potion of ambrosia {unknown}
 i - a potion of lignification {unknown}


   Skills:
 + Level 2.8 Dodging
 + Level 2.8 Stealth
 + Level 3.3 Spellcasting
 + Level 4.5 Conjurations


You had 6 spell levels left.
You knew the following spells:

 Your Spells              Type           Power      Damage    Failure   Level
a - Magic Dart            Conj           92%        1d7       1%          1

Your spell library contained the following spells:

 Spells                   Type           Power      Damage    Failure   Level
 Searing Ray              Conj           46%        2d6       2%          2
 Dazzling Flash           Conj/Hex       26%        N/A       14%         3
 Fulminant Prism          Conj/Hex       6%         3d7       43%         4
 Iskenderun's Mystic Bla  Conj/Tloc      13%        2d5       43%         4


Dungeon Overview and Level Annotations

Branches:
Dungeon (1/15) Zot: 4996

Altars:

Shops:
D:1 [([[=


Message History

Confirm with . or Enter, or press ? or * to list all spells.
Aiming: Magic Dart (safe; 1% risk of failure)
Press: ? - help, Shift-Dir - straight line, f - hobgoblin
Aim: a hobgoblin (asleep, 100% to hit)
The magic dart hits the hobgoblin.
The hobgoblin is almost dead.
The hobgoblin shouts!
You now have 7/8 mp.
Casting: Magic Dart (safe; 1% risk of failure)
Confirm with . or Enter, or press ? or * to list all spells.
Aiming: Magic Dart (safe; 1% risk of failure)
Press: ? - help, Shift-Dir - straight line, f/p - hobgoblin
Aim: a hobgoblin (almost dead, 100% to hit)
The magic dart hits the hobgoblin.
You kill the hobgoblin!
You now have 6/8 mp.
Casting: Magic Dart (safe; 1% risk of failure)
Confirm with . or Enter, or press ? or * to list all spells.
You can't see any susceptible monsters within range! (Use Z to cast anyway.) Unknown command.
You now have 92 gold pieces (gained 6).
e - 3 scrolls labelled SAMAUN XORI (gained 1)
You now have 108 gold pieces (gained 16).
There is a stone staircase leading down here.
You see here a +0 leather armour.
You enter the shallow water.
Moving in this stuff is going to be slow.
You enter the shallow water.
Moving in this stuff is going to be slow.
Found a faded altar of an unknown god.
MP restored: 8 You enter the shallow water.
Moving in this stuff is going to be slow.
You enter the shallow water.
Moving in this stuff is going to be slow.
Done exploring.
Done exploring.
This is a scroll of acquirement!
Unknown command.
Are you sure you want to abandon this character and quit the game? (Confirm with "yes".)

##............
#####.#.######.###
#.#.......#..#.###
#.....#....†.#.#..
#.#.....#.##......
#.##.##.#....#....
###.#..........#....
#...#...............
#..@#..#########....
#...#..............#
#...#....#....[....#
#...#....#...∩......
#...........#####...
#.#.∩.#..#..#.......
#........#....##...≈
########.#....##..≈≈
#.#....##..≈.


There were no monsters in sight!

Vanquished Creatures
  An endoplasm (D:1)
  A giant cockroach (D:1)
  4 hobgoblins (D:1)
  4 kobolds (D:1)
  A frilled lizard (D:1)
  4 rats (D:1)
15 creatures vanquished.

Notes
Turn   | Place    | Note
-------+----------+-------------------------------------------
     0 | D:1      | Psyclone the Deep Elf Conjurer began the quest for the Orb.
     0 | D:1      | Reached XP level 1. HP: 10/10 MP: 6/6
    12 | D:1      | Found Haucoq's Antique Weapon Emporium.
    35 | D:1      | Found Rakamath's Antique Armour Shop.
   159 | D:1      | Found Beetzaaf's Antique Armour Boutique.
   162 | D:1      | Reached XP level 2. HP: 15/15 MP: 5/8
   257 | D:1      | Found Qacorgha's Antique Armour Emporium.
   601 | D:1      | Found Zyntoaza's Jewellery Shoppe.
   948 | D:1      | Found a faded altar of an unknown god.
   996 | D:1      | Identified 3 scrolls of acquirement
   996 | D:1      | Quit the game

Illustrated notes

Levels and vault maps discovered:
D:1:      moated_graveyard_arrival, layout_basic, serial_shops, shop,
          shop_coins, shop, nicolae_shop_stone, nicolae_shop_hallway_stairs,
          shapermc_ecumenical_altar_hornbeckon

Action                   || total
-------------------------++-------
 Cast: Magic Dart        ||    32
Armor: Robe              ||     1
Dodge: Dodged            ||     5
